AoeStats
← cisi1982

Migration

506598162Analyzed
1v1 RM · 19d ago on Sep 14, 2026· 19m 51s· 2 players
Game mode
Random Map
Map size
132×132
Population
200
Speed
Normal
Resources
Standard
Victory
Conquest
Starting age
Dark Age
Ending age
Imperial Age
RankedLock teamsTeams togetherTeam positionsShared explorationLock speedFull tech treeHidden civsTurbo modeCheats
Victory
Defeat
🇨🇿 Poles · Czechia
871
+18
🇨🇳 Vikings · China
904
-18
cisi1982
11:55 Feudal Age
10:11 Loom
12:22 Double-Bit Axe
20:44 Castle Age
19:35 Bloodlines
19:36 Forging
zt198204232022
0:35 Loom
14:02 Feudal Age
14:45 Double-Bit Axe
15:25 Fishing Lines
18:30 Castle Age
16:25 Fletching
16:42 Town Watch
17:39 Scale Mail Armor
17:49 Forging
18:13 Gold Mining
18:15 Stone Mining
18:16 Horse Collar
19:25 Gillnets
Connection lost

Rejoining the realm…

Still unreachable

The connection could not be restored.

Session expired

The server has moved on; the page needs a fresh start.